 Dungeon Crawl Stone Soup version bcrawl-1.27.3 (webtiles) character file.

Game seed: 5500098926168685755

434116 MisterOstroum the Bludgeoner (level 13, -2/145 HPs)
             Began as an Ogre Berserker on Aug 7, 2020.
             Was a High Priest of Trog.
             Slain by a wolf spider (20 damage)
             ... on level 4 of the Lair of Beasts on Aug 8, 2020.
             The game lasted 00:27:26 (13095 turns).

MisterOstroum the Bludgeoner (Ogre Berserker)      Turns: 13095, Time: 00:27:27

Health: -2/145     AC:  7    Str: 36    XL:     13   Next: 5%
Magic:  13/13      EV: 10    Int:  8    God:    Trog [*****.]
Gold:   1047       SH:  8    Dex:  8    Spells: 12/12 levels left

rFire    . . .     SeeInvis .   a - +1 eveningstar (flame)
rCold    . . .     Gourm    .   d - +0 medium shield
rNeg     . . .     Faith    +   z - +0 steam dragon scales
rPois    .         Spirit   .   (helmet restricted)
rElec    .         Reflect  .   M - +0 cloak
rCorr    .         Harm     .   (gloves unavailable)
MR       ++...                  (boots unavailable)
Stlth    +.........             A - amulet of faith
HPRegen  0.34/turn              f - ring of protection from magic
MPRegen  0.13/turn              x - +8 ring of strength

@: berserk cooldown, slowed, very slow
A: large, unfitting armour, tough skin 1
a: Berserk, Trog's Hand, Brothers in Arms, Renounce Religion


You were on level 4 of the Lair of Beasts.
You worshipped Trog.
Trog was extremely pleased with you.
You were very hungry.

You visited 2 branches of the dungeon, and saw 13 of its levels.
You also visited: Volcano.

You collected 1047 gold pieces.

Inventory:

Hand Weapons
 a - a +1 eveningstar of flaming (weapon)
 b - a +0 giant club
 u - a +5 antimagic great mace
 L - a +0 blowgun
Missiles
 g - 2245 stones
 w - 41 large rocks
 C - 86 poisoned tomahawks (quivered)
 D - 330 javelins
Armour
 d - a +0 medium shield (worn)
 t - a +0 large shield
 z - +0 steam dragon scales (worn)
 M - a +0 cloak (worn)
Jewellery
 f - a ring of protection from magic (left hand)
 q - an uncursed amulet of guardian spirit
 x - a +8 ring of strength (right hand)
 A - an amulet of faith (around neck)
 J - a +4 amulet of reflection {unknown}
Wands
 B - a wand of iceblast (11)
 E - a wand of flame (34)
 K - a wand of disintegration (6)
Scrolls
 h - 4 scrolls of remove curse {@r2}
 i - 6 scrolls of magic mapping {@r5 !r}
 j - a scroll of enchant weapon
 k - 4 scrolls of amnesia {unknown}
 l - 3 scrolls of enchant armour {unknown}
 o - 2 scrolls of blinking {unknown}
 p - a scroll of immolation {unknown}
 r - 6 scrolls of teleportation {unknown}
 s - 4 scrolls of noise {unknown}
 y - 2 scrolls of identify {@r1}
 G - a scroll of fog {unknown}
Potions
 c - 4 potions of heal wounds {@q2 !q}
 m - a potion of brilliance
 n - 2 potions of might
 v - 2 potions of curing {@q1 !q}
 F - a potion of berserk rage
 H - a potion of lignification {@q6}
 I - a potion of haste {unknown}
 N - 2 potions of magic {unknown}
Comestibles
 e - 18 rations {!d}


   Skills:
 + Level 13.8 Fighting
 * Level 17.7 Maces & Flails
 - Level 10.0 Dodging


You had 12 spell levels left.
You didn't know any spells.
Your spell library contained the following spells:

 Spells                   Type           Power        Failure   Level  Hunger
 Confuse                  Hex            #.......     100%        3    #####..
 Dazzling Orbs            Conj/Hex       #......      100%        3    #####..
 Petrify                  Tmut/Erth      #.........   100%        4    ######.
 Yara's Violent Unravell  Hex/Tmut       #.........   100%        4    ######.
 Metabolic Englaciation   Hex/Ice        #.........   100%        5    #######
 Mana Rupture             Conj/Hex       #.........   100%        7    #######


Dungeon Overview and Level Annotations

Branches:
Dungeon (9/12)             Temple (0/1) D:7            Lair (4/6) D:7
  Swamp (0/3) Lair:3          Orc (0/1) D:8
  Snake: Lair:2-4    Spider: Lair:2-4

Altars:
Dithmenos
Hepliaklqana
Kikubaaqudgha
Okawaru
Trog
Xom
Yredelemnul
The Shining One

Shops:
D:7 [   D:8 [

Annotations:
D:9 1 transporter


Innate Abilities, Weirdness & Mutations

You are too large for most types of armour.
You have tough skin. (AC +1)


Message History

You start resting.
HP restored.
A wolf spider and a redback come into view.
The wolf spider hisses angrily.
A jumping spider comes into view.
A redback comes into view.
There are monsters nearby!
There are monsters nearby!
Throwing (i - inventory. (/) - cycle)
C - 87 poisoned tomahawks (quivered)
Press: ? - help, Shift-Dir - straight line, f - wolf spider
Aim: a wolf spider (clinging)
You throw a poisoned tomahawk. The jumping spider hisses angrily.
The poisoned tomahawk hits the wolf spider!
The wolf spider is poisoned.
The wolf spider is lightly wounded.
The jumping spider leaps!
A wolf spider comes into view.
The wolf spider hisses angrily.
You hit the jumping spider. You burn the jumping spider.
The jumping spider is lightly wounded.
The jumping spider pounces on you.
You are caught in a web!
The jumping spider bites you but does no damage.
The web tears apart.
You block the jumping spider's attack. The jumping spider closely misses you.
The jumping spider misses you.
The jumping spider bites you but does no damage.
You barely miss the jumping spider.
The jumping spider is lightly wounded.
The jumping spider pounces on you! The jumping spider bites you.
Your ogre goes berserk!
The jumping spider pounces on you!
You are caught in a web!
The jumping spider closely misses you. The redback bites you!
A red film seems to cover your vision as you go berserk!
You feel yourself moving faster!
You feel mighty!
You are feeling very hungry.
The jumping spider pounces on you but does no damage.
The jumping spider barely misses you.
Your ogre hits the redback with a cursed -1 giant spiked club!!
The wolf spider hits you!
The wolf spider bites you but does no damage.
You are too injured to fight recklessly!
You are too injured to fight recklessly!
You struggle to detach yourself from the web.
You feel a strong urge to attack something.
The jumping spider pounces on you.
You are even more entangled.
The jumping spider bites you. The wolf spider barely misses you.
The wolf spider bites you.
Your ogre hits the redback with a cursed -1 giant spiked club!!
The redback dies!
Trog accepts your kill.
The web tears apart.
The wolf spider completely misses you. The wolf spider closely misses you.
You closely miss the jumping spider.
The jumping spider is lightly wounded.
Your ogre barely misses the jumping spider.
You block the jumping spider's attack. x2; The wolf spider hits you.
The wolf spider bites you but does no damage.
You closely miss the jumping spider.
The jumping spider is lightly wounded.
Your ogre closely misses the wolf spider.
The wolf spider hits you! You block the wolf spider's attack.
You impale the jumping spider!! You burn the jumping spider!
You kill the jumping spider!
Trog accepts your kill. The wolf spider hits you!! The wolf spider bites you!
You impale the wolf spider!! You burn the wolf spider!
You kill the wolf spider!
Trog accepts your kill. The wolf spider hits you!
The wolf spider completely misses you.
Unknown command.
You impale the redback!! You burn the redback!
The redback is almost dead.
The redback bites you!
You are poisoned.
The redback poisons you!
Your ogre hits the redback with a cursed -1 giant spiked club!
The redback dies!
Trog accepts your kill.
Your ogre barely misses the wolf spider.
You barely miss the wolf spider.
You feel sick. The wolf spider hits you.
The wolf spider bites you but does no damage.
Your ogre barely misses the wolf spider.
Your shield prevents you from hitting the wolf spider.
You feel sick. The wolf spider hits you.
* * * LOW HITPOINT WARNING * * *
The wolf spider bites you.
* * * LOW HITPOINT WARNING * * *
You bludgeon the wolf spider!! You burn the wolf spider.
The wolf spider is heavily wounded.
You are no longer berserk.
You are exhausted.
You feel yourself slow down.
You feel sick.
Your ogre closely misses the wolf spider.
The wolf spider hits you!
* * * LOW HITPOINT WARNING * * *
The wolf spider bites you!
* * * LOW HITPOINT WARNING * * *
Okay, then.
Really quaff
v - 3 potions of curing {@q1 !q}?
You feel better. The wolf spider hits you!!
You die...

..## ##+.#.
#....# #####....#
##P.#.....#
#.........##
###..>....O†^###
#.#.......@s.^.#
#...^....##^.^^^#
#....>...##^^^..
#.........##^^.^
#.#..........#
.^. #...........#
.. #....<.....##
. #.........#.P#
##........####


You could see a wolf spider and a friendly ogre (berserk).

Vanquished Creatures
  A centaur warrior (Volcano)
  A two-headed ogre (D:8)
  Nergalle (Lair:3)
  A hell knight (Volcano)
  An unseen horror (D:8)
  Pikel (D:5)
  A wolf spider (Lair:4)
  2 black mambas (Lair:2)
  6 elephants
  5 cane toads
  A yaktaur (Volcano)
  7 komodo dragons
  A jumping spider (Lair:4)
  2 trolls
  A polar bear (Lair:3)
  8 blink frogs
  4 hippogriffs
  Sigmund (D:2)
  A wyvern (Lair:2)
  A basilisk (D:7)
  13 yaks
  8 fire bats (Volcano)
  A hungry ghost (D:7)
  2 steam dragons (D:5)
  5 crocodiles
  4 water moccasins
  3 porcupines
  An ice beast (D:8)
  A black bear (D:6)
  2 orc warriors
  2 sky beasts (D:8)
  4 slaves (D:5)
  A phantom (D:8)
  2 ogres
  3 centaurs
  10 bullfrogs
  3 scorpions
  A water moccasin skeleton (D:5)
  16 killer bees
  The ghost of happlo the Skirmisher, a weakling DsBe of Trog (D:3)
  6 crimson imps
  8 lava snakes (Volcano)
  3 jellies
  2 quasits
  2 bullfrog zombies
  4 hounds
  3 orc wizards
  12 orc priests
  3 centaur skeletons
  7 iguanas
  5 worker ants
  A killer bee zombie (D:5)
  A hound zombie (D:9)
  A howler monkey zombie (D:6)
  7 adders
  A howler monkey skeleton (D:8)
  2 shadow imps
  12 white imps (Lair:1)
  4 oozes
  2 adder skeletons (D:4)
  6 worms
  4 dart slugs
  4 leopard geckos
  50 orcs
  5 giant cockroaches
  12 goblins
  4 hobgoblins
  10 jackals
  12 kobolds
  3 quokkas (D:5)
  4 bats
  4 frilled lizards
  A jackal zombie (D:5)
  5 rats
340 creatures vanquished.

Vanquished Creatures (collateral kills)
  2 redbacks (Lair:4)
  A basilisk (Lair:3)
  An iguana (Lair:3)
4 creatures vanquished.

Vanquished Creatures (others)
  A centaur zombie (D:9)
  3 fungi
  A plant (Lair:3)
5 creatures vanquished.

Grand Total: 349 creatures vanquished

Notes
Turn   | Place    | Note
-------+----------+-------------------------------------------
     0 | D:1      | MisterOstroum the Ogre Berserker began the quest for the
                  | Orb.
     0 | D:1      | Reached XP level 1. HP: 24/24 MP: 1/1
   107 | D:1      | Reached skill level 4 in Maces & Flails
   107 | D:1      | Reached XP level 2. HP: 30/32 MP: 2/2
   342 | D:1      | Reached XP level 3. HP: 38/40 MP: 3/3
   773 | D:2      | Noticed Sigmund
   791 | D:2      | Killed Sigmund
   791 | D:2      | Reached ** piety under Trog
   791 | D:2      | Reached skill level 5 in Fighting
   791 | D:2      | Reached skill level 5 in Maces & Flails
   791 | D:2      | Reached XP level 4. HP: 50/50 MP: 4/4
   791 | D:2      | Reached XP level 5. HP: 57/57 MP: 5/5
   916 | D:2      | Found a hazy altar of Hepliaklqana.
   920 | D:2      | Found a shimmering altar of Xom.
   928 | D:2      | Found a shadowy altar of Dithmenos.
   933 | D:2      | Found an ancient bone altar of Kikubaaqudgha.
   933 | D:2      | Found a basalt altar of Yredelemnul.
   934 | D:2      | Found a glowing golden altar of the Shining One.
   940 | D:2      | Found an iron altar of Okawaru.
  1244 | D:2      | Reached skill level 6 in Maces & Flails
  1443 | D:3      | Reached XP level 6. HP: 58/66 MP: 3/6
  1467 | D:3      | Found an iron altar of Okawaru.
  2129 | D:3      | Reached *** piety under Trog
  2299 | D:3      | Found a runed translucent door.
  2300 | D:3      | Noticed happlo's ghost (weakling DsBe)
  2455 | D:3      | Killed happlo's ghost
  2676 | D:4      | Reached skill level 7 in Maces & Flails
  2676 | D:4      | Reached XP level 7. HP: 71/75 MP: 7/7
  3096 | D:4      | Reached skill level 8 in Maces & Flails
  3315 | D:4      | Reached XP level 8. HP: 68/84 MP: 6/8
  3633 | D:5      | Entered Level 5 of the Dungeon
  3780 | D:5      | Reached skill level 5 in Dodging
  3928 | D:5      | Reached **** piety under Trog
  4235 | D:5      | Reached skill level 9 in Maces & Flails
  4700 | D:5      | Noticed Pikel
  4708 | D:5      | Killed Pikel
  4708 | D:5      | Reached skill level 10 in Maces & Flails
  4708 | D:5      | Reached XP level 9. HP: 97/97 MP: 9/9
  4946 | D:6      | Found a bloodstained altar of Trog.
  5398 | D:6      | Reached skill level 11 in Maces & Flails
  5723 | D:7      | Noticed an elephant
  5724 | D:7      | Found a staircase to the Lair.
  5731 | D:7      | Noticed a troll
  5752 | D:7      | Killed a troll
  5755 | D:7      | Killed an elephant
  5757 | D:7      | Reached skill level 12 in Maces & Flails
  5757 | D:7      | Reached XP level 10. HP: 88/110 MP: 7/10
  5772 | D:7      | Reached skill level 10 in Fighting
  6472 | D:7      | Found a staircase to the Ecumenical Temple.
  6620 | D:7      | Found Ihoess's Antique Armour Shop.
  6897 | D:8      | Killed an unseen horror
  6897 | D:8      | Reached skill level 13 in Maces & Flails
  7114 | D:8      | Noticed a two-headed ogre
  7129 | D:8      | Killed a two-headed ogre
  7339 | D:8      | Found Daodootz's Antique Armour Shop.
  7440 | D:8      | Reached skill level 14 in Maces & Flails
  7440 | D:8      | Reached XP level 11. HP: 86/119 MP: 9/11
  7551 | D:8      | Found a staircase to the Orcish Mines.
  8396 | D:9      | Found a transporter.
  8397 | D:9      | Identified the ring of Zeghu {Ice rPois MR- Int+6 Dex-5}
  8469 | D:9      | Noticed an orc knight
  8745 | Lair:1   | Entered Level 1 of the Lair of Beasts
  8776 | Lair:1   | Found a dark tunnel.
  8785 | Volcano  | Entered a volcano
  8981 | Volcano  | Reached ***** piety under Trog
  9120 | Volcano  | Noticed a hell knight
  9126 | Volcano  | Killed a hell knight
  9179 | Volcano  | Noticed a centaur warrior
  9186 | Volcano  | Killed a centaur warrior
  9387 | Volcano  | Reached skill level 15 in Maces & Flails
  9451 | Volcano  | Found a burning altar of Makhleb.
  9786 | Lair:1   | HP: 9/184 [hippogriff (7)]
  9788 | Lair:1   | HP: 2/184 [blink frog (7)]
  9811 | Lair:1   | HP: 5/123 [blink frog (13)]
 10571 | Lair:2   | Reached XP level 12. HP: 132/132 MP: 12/12
 10584 | Lair:2   | Reached skill level 16 in Maces & Flails
 11369 | Lair:2   | Received a gift from Trog
 11549 | Lair:2   | Reached skill level 10 in Dodging
 12200 | Lair:3   | Reached skill level 17 in Maces & Flails
 12255 | Lair:3   | Found a staircase to the Swamp.
 12595 | Lair:3   | Noticed Nergalle
 12605 | Lair:3   | Killed Nergalle
 13021 | Lair:4   | Reached XP level 13. HP: 107/145 MP: 13/13
 13095 | Lair:4   | Slain by a wolf spider

Skill      XL: |  1  2  3  4  5  6  7  8  9 10 11 12 |
---------------+-------------------------------------+-----
Maces & Flails | 4 5 6 7 8 10 12 14 15 17 | 17.7
Dodging        | 3 4 6 8 9 10 | 10.0
Fighting       | 5 6 8 9 10 12 13 | 13.8

Action                   |  1- 3 |  4- 6 |  7- 9 | 10-12 | 13-15 || total
-------------------------+-------+-------+-------+-------+-------++-------
Melee: Mace              |    66 |   147 |       |       |       ||   213
       Whip              |       |       |   165 |   127 |       ||   292
       Giant club        |       |       |   114 |   264 |       ||   378
       Eveningstar       |       |       |       |   205 |    10 ||   215
Throw: Stone             |       |    89 |    10 |    18 |       ||   117
       Tomahawk          |       |       |       |    23 |     1 ||    24
Invok: Berserk           |     3 |     4 |    10 |    16 |     1 ||    34
       Trog's Hand       |       |     1 |     4 |     3 |       ||     8
       Brothers in Arms  |       |       |       |     1 |     1 ||     2
  Use: Scroll            |       |     3 |     1 |     9 |       ||    13
       Potion            |       |       |       |     2 |     1 ||     3
  Eat: Chunk             |     3 |    14 |    26 |    39 |       ||    82
       Ration            |       |     1 |       |     7 |       ||     8
Armor: Animal skin       |    22 |    22 |    28 |       |       ||    72
       Steam dragon scal |       |       |    27 |   124 |     6 ||   157
Dodge: Dodged            |    38 |    83 |   125 |   295 |     8 ||   549
Block: Medium shield     |       |       |    34 |    85 |     4 ||   123
